[Event "Late-Titled-Tuesday-Blitz-January-30-2024"]
[Site "Chess.com"]
[Date "2024.01.30"]
[Round "8"]
[White "lachesisQ"]
[Black "SantoBlue"]
[Result "0-1"]
[WhiteElo "3102"]
[BlackElo "2994"]
[TimeControl "180+1"]
[EndTime "15:28:27 PST"]
[Termination "SantoBlue won by resignation"]

1. e4 d6 2. d4 Nf6 3. Nc3 e5 4. Nf3 Nbd7 5. Bc4 Be7 6. O-O O-O 7. Re1 c6 8. a4 h6 9. h3 Re8 10.
Ba2 exd4 11. Qxd4 Nf8 12. Bf4 Be6 13. Bh2 Bxa2 14. Rxa2 Ne6 15. Qd1 d5 16. exd5 Nxd5 17. Nxd5 cxd5 18. Ra1 Bf6 19. Be5 Rc8 20. c3 Bxe5 21.
Rxe5 Nf4 22. Rxe8+ Qxe8 23. Qd2 Qe4 24. Kh2 Rc6 25.
Re1 Qf5 26. Re5 Qf6 27. Re8+ Kh7 28. Ne5 Rd6 29. Ng4 Qg5 30. g3 Nxh3 31. Qd3+ f5 32. f3 Qh5 33. Kg2 Qg6 34. Ne5 Nf4+ 35. Kf1 Nxd3 36.
Nxg6 Kxg6 37. b4 d4 38. cxd4 Nxb4 39. Re7 Rxd4 40. Rxb7 Nc6 41. Rc7 Ne5 42. Rxa7 Nxf3 43. Kf2 Ne5 44. Ra8 f4 45. gxf4 Rxf4+ 46. Ke3 Rb4 47.
a5 Nc4+ 48. Kf2 Ra4 49. a6 Nd6 50. Ra7 Nf5 51. Ra8 h5 52. Kg2 h4 53. Kh3 Kg5 54. a7 g6 55. Kg2 Ra3 56. Kf2 h3 57.
Rh8 Ra2+ 58. Kg1 Rxa7 59. Rxh3 Kf4 60. Rb3 g5 61. Rb4+ Kf3 62. Rb3+ Ne3 63. Rb1 g4 64.
Rc1 g3 65. Rb1 Rd7 66. Re1 Rd1 67. Rxd1 Nxd1 68. Kf1 g2+ 69. Kg1 Nc3 0-1

[Event "Late-Titled-Tuesday-Blitz-January-30-2024"]
[Site "Chess.com"]
[Date "2024.01.30"]
[Round "8"]
[White "OPQRC"]
[Black "BardArtem"]
[Result "0-1"]
[WhiteElo "2545"]
[BlackElo "2770"]
[TimeControl "180+1"]
[EndTime "15:28:27 PST"]
[Termination "BardArtem won on time"]

1. e4 c5 2. Nf3 d6 3. c3 Nf6 4.
Be2 Nc6 5. d4 cxd4 6. cxd4 g6 7.
d5 Nb8 8. O-O Bg7 9. Nc3 O-O 10.
Be3 Bg4 11. Qb3 Nbd7 12. Rac1 b6 13. Qb4 Bxf3 14. Bxf3 Nc5 15. Nb5 Nd3 16. Qa3 Nxc1 17. Rxc1 Nd7 18. Nd4 Ne5 19. Be2 Rc8 20. Nc6 Nxc6 21.
dxc6 Qc7 22. Ba6 Rcd8 23. Qb3 e6 24. Bg5 Rde8 25. Bf4 Rd8 26. Bg5 Rde8 27. Bf4 h6 28. Qg3 e5 29. Be3 Kh7 30. b4 f5 31. exf5 gxf5 32.
Bd3 e4 33. Bb1 Be5 34. Bf4 Rg8 35. Qh4 Rg4 36. Qxh6+ Kg8 37. Bxe5 Rxe5 38. a4 Qg7 39. Qxg7+ Rxg7 40. c7 Rxc7 41. Rxc7 Rd5 42. Rc1 Rd4 43. h3 Rxb4 44. Rd1 Kf7 45. Bc2 Ke6 46. Kf1 d5 47. Ke2 d4 48. h4 Ke5 49. h5 Rb2 50. Rd2 Rxc2 51. Rxc2 d3+ 52. Kd2 dxc2 53. Kxc2 Kf6 54. Kd2 Kg5 55. Ke3 a6 56. g3 b5 57. axb5 axb5 58.
g4 fxg4 59. Kxe4 Kxh5 60. Kf4 Kh4 0-1

[Event "Late-Titled-Tuesday-Blitz-January-30-2024"]
[Site "Chess.com"]
[Date "2024.01.30"]
[Round "8"]
[White "azikom"]
[Black "aistrel"]
[Result "1-0"]
[WhiteElo "2719"]
[BlackElo "2534"]
[TimeControl "180+1"]
[EndTime "15:28:29 PST"]
[Termination "azikom won by checkmate"]

1. c4 e6 2. Nc3 d5 3. e3 Nf6 4. Nf3 c5 5. cxd5 Nxd5 6. d3 b6 7. Be2 Bb7 8. O-O Be7 9. a3 O-O 10. Bd2 Nd7 11. Rc1 Rc8 12. h3 h6 13. b4 cxb4 14.
Nxd5 Bxd5 15. axb4 Rxc1 16. Qxc1 Qa8 17. Qa1 Bf6 18.
Qa4 Ne5 19. Nxe5 Bxe5 20. e4 Bb7 21. Be3 f5 22. Qd7 Bc8 23. Qb5 Bb8 24. Bf3 Bb7 25. Rc1 fxe4 26. dxe4 Bxe4 27. Bxe4 Qxe4 28. Qd7 Qe5 29. g3 Qf6 30. b5 Kh7 31. Rc6 Qf3 32. Qxe6 Rf6 33. Qc4 Rf8 34. Qd3+ Kh8 35. Qg6 Qd1+ 36.
Kg2 Qf3+ 37. Kh2 Qd5 38. Re6 Qxb5 39. Re7 Be5 40. Qe4 Qd5 41. Qxd5 Bf6 42. Rxa7 Rd8 43. Rd7 Rf8 44. Rb7 Kh7 45. Rxb6 Kg6 46. Qd3+ Kf7 47.
Rb7+ Kg8 48. Rd7 Kh8 49. h4 h5 50. Rd5 g6 51. Qxg6 Bg7 52. Rxh5+ Kg8 53. Rh7 Rf7 54.
Rxg7+ Rxg7 55. Qe8+ Kh7 56. Qe4+ Kh8 57. h5 Kg8 58. h6 Rf7 59. Qg6+ Kh8 60. Bd4+ Rg7 61. Qxg7# 1-0

[Event "Late-Titled-Tuesday-Blitz-January-30-2024"]
[Site "Chess.com"]
[Date "2024.01.30"]
[Round "8"]
[White "GoValya"]
[Black "protectiago"]
[Result "0-1"]
[WhiteElo "2266"]
[BlackElo "2073"]
[TimeControl "180+1"]
[EndTime "15:28:31 PST"]
[Termination "protectiago won on time"]

1. d4 Nf6 2. g3 d5 3. Bg2 e6 4. Nf3 Be7 5. O-O O-O 6. c4 c6 7. Nc3 Nbd7 8. a4 b6 9. Nd2 Bb7 10. e4 dxe4 11. Ndxe4 e5 12. d5 cxd5 13. cxd5 Nxe4 14.
Bxe4 Nf6 15. Bg2 Bb4 16. Bg5 h6 17. Bxf6 Qxf6 18. Ne4 Qg6 19. Qb3 a5 20. Rac1 Rad8 21. Rfd1 Rd7 22. Rd3 Rfd8 23. Rcd1 Ba6 24. Re3 Kh8 25.
Nc3 Bc5 26. Ree1 Qf5 27. Ne4 Bd4 28. d6 Bb7 29. Rd2 Qg6 30. h4 f5 31. Nc3 Qxd6 32. Nb5 Qb8 33. Bxb7 Qxb7 34. Nxd4 Rxd4 35. Rxd4 exd4 36.
Qb5 d3 37. Re8+ Rxe8 38. Qxe8+ Kh7 39. Qd8 Qe4 40. Kh2 Qe2 41. Kg2 d2 42. Qd7 d1=Q 43.
Qxf5+ Kg8 44. Qc8+ Kf7 45. Qf5+ Ke7 46. Qf4 Qe6 47.
Qc7+ Qdd7 48. Qf4 Qdd5+ 49. Kh2 Qde4 50. Qc7+ Kf6 51. Qd8+ Qe7 52. Qxb6+ Q4e6 53. Qd4+ Qe5 54. Qb6+ Q7d6 55. Qa7 Qc7 56. Qa6+ Kf7 0-1

[Event "Late-Titled-Tuesday-Blitz-January-30-2024"]
[Site "Chess.com"]
[Date "2024.01.30"]
[Round "8"]
[White "bn1462"]
[Black "finec2"]
[Result "1-0"]
[WhiteElo "1963"]
[BlackElo "2198"]
[TimeControl "180+1"]
[EndTime "15:28:31 PST"]
[Termination "bn1462 won by resignation"]

1. d4 Nf6 2. c4 g6 3. Nc3 Bg7 4. g3 O-O 5. Bg2 d6 6. Nf3 c5 7. d5 e6 8. O-O exd5 9. cxd5 b5 10. Nxb5 Qb6 11. Nc3 a5 12. Nd2 Ba6 13. Qb3 Qc7 14.
Re1 Nbd7 15. a4 c4 16. Nb5 Bxb5 17. Qxb5 Ne5 18. f4 Rfb8 19. fxe5 Rxb5 20. exf6 Bxf6 21. axb5 Qb6+ 22. e3 Qxb5 23. Ne4 Be5 24. Nc3 Qb3 25. Ra3 Qc2 26. Be4 Bxc3 27. Bxc2 Bxe1 28. Ra4 Bb4 29. b3 c3 30. Kf2 Re8 31. Ke2 Re5 32. e4 Rh5 33. h4 h6 34. Kd3 g5 35. Bd1 gxh4 36. Bxh5 hxg3 37. Ke2 Kg7 38. Kf3 Kf6 39. Kxg3 Ke5 40.
Bf3 Kd4 41. Bxh6 Kd3 42. Bg7 Kd2 43. Bxc3+ Bxc3 44. Kf4 Be5+ 45. Kf5 Ke3 46. Bg4 Kd3 47. b4 axb4 48. Rxb4 Kc3 49. Rb6 Kc4 50. Rb7 Kd3 51. Rxf7 Kd4 52. Re7 Bh8 53. Re6 Be5 54. Rxe5 dxe5 55.
d6 Ke3 56. d7 Kf2 57. d8=Q 1-0

[Event "Late-Titled-Tuesday-Blitz-January-30-2024"]
[Site "Chess.com"]
[Date "2024.01.30"]
[Round "8"]
[White "Njal28"]
[Black "Hikaru"]
[Result "0-1"]
[WhiteElo "3057"]
[BlackElo "3303"]
[TimeControl "180+1"]
[EndTime "15:28:32 PST"]
[Termination "Hikaru won by checkmate"]

1. d4 Nf6 2. c4 c5 3. d5 d6 4. Nc3 g6 5. e4 Bg7 6. Bd3 e6 7. h3 O-O 8. Nf3 exd5 9. exd5 Re8+ 10. Be3 Rxe3+ 11. fxe3 Nbd7 12. O-O Qe7 13. Qd2 Ne8 14. Qf2 Ne5 15. Nxe5 Bxe5 16. Rae1 Bd7 17. Ne4 Bf5 18. Qf3 Bxb2 19. Nf2 Bc8 20. Kh1 Nf6 21. Bc2 Nd7 22.
Nd3 Bg7 23. Ba4 Ne5 24. Nxe5 Bxe5 25. e4 Kg7 26. Qf2 b6 27. Bc6 Rb8 28. a4 Ba6 29. Bb5 Bb7 30. Rb1 Rf8 31. Bc6 Ba6 32. Bb5 Bc8 33. Bc6 Qc7 34. Rb3 f5 35. exf5 Bxf5 36. Rf3 h5 37. Qe2 Qe7 38. Qe1 h4 39.
a5 Rf7 40. axb6 axb6 41. Qe2 Qg5 42. Qf2 Ra7 43. Be8 Qe7 44. Bb5 Bd4 45. Qe1 Qxe1 46. Rxe1 Be5 47. Ref1 Ra2 48. Bd7 Be4 49. R3f2 Ra3 50.
Bg4 Bd3 51. Rf7+ Kh6 52. Rc1 Bxc4 53. Rb7 b5 54. Bf3 b4 55. Be4 Re3 56. Bf3 b3 57. Kg1 Bd4 58. Kh2 Rc3 59. Rb1 Be5+ 60. Kh1 Re3 61.
Kg1 b2 62. Kf2 Bd4 63. R7xb2 Re7# 0-1

[Event "Late-Titled-Tuesday-Blitz-January-30-2024"]
[Site "Chess.com"]
[Date "2024.01.30"]
[Round "8"]
[White "AradNazari"]
[Black "Cambek64"]
[Result "1-0"]
[WhiteElo "2710"]
[BlackElo "2530"]
[TimeControl "180+1"]
[EndTime "15:28:32 PST"]
[Termination "AradNazari won on time"]

1. e4 e6 2. d4 d5 3. e5 c5 4. c3 Nc6 5. Nf3 Bd7 6. Be2 Nge7 7. Na3 cxd4 8. cxd4 Nf5 9. Nc2 h5 10. Bd3 g6 11. a3 a5 12. Bg5 Be7 13. Bxe7 Ncxe7 14.
Qd2 Qb6 15. O-O Bb5 16. Ne3 Bxd3 17. Qxd3 Rc8 18. b4 axb4 19. Rab1 Kf8 20. Rxb4 Qc6 21.
Rfb1 Rc7 22. Rb6 Qd7 23. Ng5 Kg7 24. h3 Nxe3 25. Qxe3 Nf5 26. Qf4 Qe7 27. Rd6 Nxd4 28. Kh2 Nf5 29. Rbb6 Rc4 30. Qd2 Nxd6 31. exd6 Qf6 32.
Rxb7 Rf8 33. Re7 Qe5+ 34. f4 Qxd6 35. Qb2+ d4 36. Nxe6+ Kg8 37. Qb7 Qxe6 38. Rxe6 fxe6 39. Qe4 Rf6 40. Qe5 Kf7 41. Qe4 h4 42. Qb7+ Kg8 43.
Qb8+ Kg7 44. Qb7+ Kg8 45. Qe4 Kg7 46. a4 Rc5 47. Qxd4 Rf5 48. Qd7+ Kg8 49. a5 Rxf4 50.
a6 1-0

[Event "Late-Titled-Tuesday-Blitz-January-30-2024"]
[Site "Chess.com"]
[Date "2024.01.30"]
[Round "8"]
[White "KorolDimitriy75"]
[Black "jaskol95"]
[Result "0-1"]
[WhiteElo "2362"]
[BlackElo "2521"]
[TimeControl "180+1"]
[EndTime "15:28:32 PST"]
[Termination "jaskol95 won on time"]

1. d4 d5 2. c4 e5 3. Nc3 exd4 4. Qxd4 Nc6 5. Qxd5 Be6 6. Bg5 Be7 7. Bxe7 Ngxe7 8.
Qb5 a6 9. Qa4 O-O 10. Nf3 b5 11. cxb5 axb5 12. Qc2 Nb4 13. Qc1 Bf5 14. e4 Re8 15. Be2 Nd3+ 16. Bxd3 Qxd3 17. Qe3 Qc4 18. Qe2 Qxe2+ 19. Kxe2 b4 20. Nb5 Bxe4 21. Nxc7 Nd5 22. Nxe8 Rxe8 23. Rhc1 Nf4+ 24. Kf1 Bd3+ 25. Kg1 Ne2+ 26.
Kh1 Nxc1 27. Rxc1 g6 28. Re1 Ra8 29. a3 b3 30. Re3 Bc2 31. h3 Rd8 32. Kh2 Rd1 33.
Rc3 Rb1 34. Nd4 Rxb2 35. Nxc2 Rxc2 36. Rxb3 Rxf2 37. Kg3 Ra2 38. Kh2 Kg7 39. Kg3 Kf6 40.
Kf3 Ke5 41. Rb5+ Kd4 42. Rb3 f5 43. g4 Ke5 44. Re3+ Kf6 45. gxf5 Kxf5 46. Rb3 h5 47.
Rb5+ Kf6 48. Rb3 Kg5 49. Kg3 h4+ 50. Kf3 Kh6 51. Rd3 Kh5 52. Rd5+ g5 53. Rd3 Rh2 54. Ke4 Re2+ 55. Kd4 Rg2 56. Kc4 Rg3 57. a4 g4 0-1

[Event "Late-Titled-Tuesday-Blitz-January-30-2024"]
[Site "Chess.com"]
[Date "2024.01.30"]
[Round "8"]
[White "IngOscarArdila"]
[Black "akanga001"]
[Result "1-0"]
[WhiteElo "2318"]
[BlackElo "2000"]
[TimeControl "180+1"]
[EndTime "15:28:33 PST"]
[Termination "IngOscarArdila won by checkmate"]

1. d4 d5 2. c4 e6 3. Nc3 Nf6 4. Bg5 Be7 5. Nf3 O-O 6. e3 c6 7. Qc2 Nbd7 8. cxd5 exd5 9. Bd3 Re8 10. O-O Nf8 11.
Ne5 N6d7 12. Bxe7 Qxe7 13. Nxd7 Bxd7 14. Rab1 g6 15. b4 Ne6 16. a4 Rac8 17. Qb3 Ng7 18. b5 Bf5 19. Bxf5 Nxf5 20. bxc6 bxc6 21. Qb7 Rc7 22.
Qa6 Nd6 23. Na2 Nc4 24. Rfd1 f5 25. Nb4 Qd6 26. Nd3 g5 27. Rb7 Ree7 28. Rb8+ Kg7 29. Rdb1 f4 30. exf4 gxf4 31. h3 f3 32. g3 Qe6 33.
Nf4 Qf5 34. Kh2 Nd2 35. R1b7 Ne4 36. Rxc7 Rxc7 37. Rb7 Rf7 38. Rxf7+ Qxf7 39. Kg1 Nd6 40. Qxc6 Qf6 41. Qxd5 Nf5 42. Nh5+ Kg6 43. Nxf6 Kxf6 44. Qc6+ Kg5 45. d5 Nd4 46. Qc4 Ne2+ 47. Kf1 Kf5 48.
Qd3+ Ke5 49. Qxf3 Nd4 50. Qe3+ Kxd5 51. Qxd4+ Kxd4 52. Ke2 Kc4 53. f4 Kb4 54. f5 Kxa4 55. f6 Kb3 56. f7 a5 57. f8=Q a4 58. Qb8+ Ka2 59. Kd3 a3 60. Kc2 Ka1 61. Qb1# 1-0

[Event "Late-Titled-Tuesday-Blitz-January-30-2024"]
[Site "Chess.com"]
[Date "2024.01.30"]
[Round "8"]
[White "Slovineanu"]
[Black "ChEsper99"]
[Result "1-0"]
[WhiteElo "2455"]
[BlackElo "2171"]
[TimeControl "180+1"]
[EndTime "15:28:34 PST"]
[Termination "Slovineanu won on time"]

1. d4 Nf6 2. Nf3 d5 3. c4 e6 4.
e3 a6 5. b3 dxc4 6. bxc4 c5 7.
Bd3 b6 8. O-O Bb7 9. Bb2 cxd4 10. exd4 Nbd7 11. Nc3 Bd6 12. Qe2 O-O 13. Rad1 Rc8 14.
Ne5 Re8 15. f4 Nf8 16. f5 exf5 17. Bxf5 Rc7 18. Qf2 Ng6 19. Rfe1 Rce7 20. Nf3 Qc7 21. Rxe7 Rxe7 22. Re1 Rxe1+ 23. Qxe1 Qxc4 24. Qe2 Qxe2 25. Nxe2 Bxf3 26. gxf3 Ne7 27. Bd3 b5 28. Ng3 g6 29.
Ne4 Nxe4 30. fxe4 Bf4 31. h3 Nc6 32. Kf2 Kf8 33. Kf3 Bd2 34. e5 Ke7 35. Ke4 Nb4 36. Ba3 Kd7 37. Bb1 a5 38. d5 Bc3 39.
Bxb4 Bxb4 40. Bd3 Bc3 41. Bxb5+ Ke7 42. d6+ Kd8 43. a4 Bb2 44. Bc4 Ke8 45. Bb5+ Kd8 46.
Bc6 Bc3 47. Kd5 Bb2 48. Bb5 Bc3 49. Bd3 Bb2 50. h4 Bc3 51. h5 Bb2 52. h6 Bc1 53. e6 Bxh6 54. e7+ 1-0

[Event "Late-Titled-Tuesday-Blitz-January-30-2024"]
[Site "Chess.com"]
[Date "2024.01.30"]
[Round "8"]
[White "ural58"]
[Black "karinachess1"]
[Result "1/2-1/2"]
[WhiteElo "2472"]
[BlackElo "2611"]
[TimeControl "180+1"]
[EndTime "15:28:35 PST"]
[Termination "Game drawn by repetition"]

1. e4 e5 2. f4 d5 3. exd5 e4 4.
d3 Qxd5 5. Qe2 Nf6 6. Nc3 Bb4 7. Bd2 Bxc3 8. Bxc3 Bf5 9. Bxf6 gxf6 10. g4 Be6 11.
dxe4 Qa5+ 12. Qd2 Qxd2+ 13. Kxd2 Bxg4 14. Be2 Bd7 15. Ke3 Nc6 16. Nf3 Ke7 17. Rhg1 Rhg8 18.
c3 a6 19. b4 Rae8 20. Rg3 f5 21.
e5 f6 22. Rh3 Rg7 23. Rh6 fxe5 24. fxe5 Kd8 25. Rd1 Nxe5 26. Nxe5 Rxe5+ 27. Kf2 Ke7 28. Bf3 b6 29. Rd4 a5 30. Rdh4 axb4 31. Rxh7 Rxh7 32. Rxh7+ Kd6 33. cxb4 c5 34. Rh6+ Kc7 35. a3 cxb4 36. axb4 Rb5 37. h4 Rxb4 38. h5 f4 39. Rh7 Rb2+ 40.
Ke1 Kd6 41. h6 Rh2 42. Kf1 b5 43. Kg1 Rh4 44. Be4 Ke5 45. Bc2 Bf5 46. Bxf5 Kxf5 47. Rb7 Rxh6 48. Rxb5+ Kg4 49. Rb3 Ra6 50. Kf2 Ra2+ 51.
Kf1 Rc2 52. Ra3 Rh2 53. Rb3 Rh6 54. Ra3 Kf5 55. Kf2 Re6 56. Kf3 Re5 57. Rb3 Rd5 58.
Ra3 Ke5 59. Rb3 Ra5 60. Rc3 Ra4 61. Rc5+ Kf6 62. Rh5 Rc4 63. Ra5 Kg6 64. Rb5 Kf6 65.
Ra5 Kg6 66. Rb5 Kf6 67. Ra5 1/2-1/2

[Event "Late-Titled-Tuesday-Blitz-January-30-2024"]
[Site "Chess.com"]
[Date "2024.01.30"]
[Round "8"]
[White "Zhigalko_Sergei"]
[Black "Eduard_Limonov"]
[Result "1-0"]
[WhiteElo "2950"]
[BlackElo "2871"]
[TimeControl "180+1"]
[EndTime "15:28:36 PST"]
[Termination "Zhigalko_Sergei won on time"]

1. e4 c5 2. c3 Nf6 3. e5 Nd5 4. Nf3 Nc6 5. Bc4 Nb6 6. Bb3 d6 7. exd6 Qxd6 8. O-O Be6 9. Bxe6 Qxe6 10. a4 Qd7 11. a5 Nd5 12. a6 e6 13. axb7 Qxb7 14. d4 cxd4 15. Nxd4 Bc5 16. Nxc6 Qxc6 17. Qg4 Nf6 18. Qa4 Qxa4 19. Rxa4 O-O 20. Nd2 Rfd8 21. g3 h6 22. Kg2 Rab8 23. Nc4 Nd5 24. Ra2 Rbc8 25.
Nd2 Bb6 26. Re1 Nf6 27. h3 Rd3 28. Re2 Nd7 29. Nf1 Nc5 30. Be3 Nb3 31. Ra3 Na5 32.
Ra4 Rcd8 33. Bxb6 axb6 34. Rb4 R8d6 35. Ne3 h5 36. Rb5 g6 37. Rc2 Kg7 38. h4 Rc6 39.
Kf1 Nb7 40. Ke2 Rd7 41. Rb4 e5 42. Nc4 Nc5 43. Nxb6 Rd8 44. Rc4 Rxb6 45. Rxc5 e4 46. b4 f5 47. Rd2 Ra8 48. b5 Ra1 49. Rb2 Ra3 50. Kd2 Rd6+ 51. Kc2 Rb6 52. Rc7+ Kf6 53. Kd2 1-0

[Event "Late-Titled-Tuesday-Blitz-January-30-2024"]
[Site "Chess.com"]
[Date "2024.01.30"]
[Round "8"]
[White "ChessBrainiacOnTwitch"]
[Black "Pingah9"]
[Result "0-1"]
[WhiteElo "2765"]
[BlackElo "2542"]
[TimeControl "180+1"]
[EndTime "15:28:39 PST"]
[Termination "Pingah9 won by resignation"]

1. Nf3 f5 2. c4 Nf6 3. b3 g6 4. Bb2 Bg7 5. Nc3 d6 6. d4 O-O 7.
Qc2 Nc6 8. O-O-O a5 9. e3 Qe8 10. d5 Nb4 11. Qd2 Ng4 12. a3 Na6 13. Bd3 Nc5 14.
Bc2 c6 15. Ng5 h6 16. Nf3 b5 17. cxb5 cxb5 18. h3 Ne5 19. Nxe5 Bxe5 20. g4 f4 21. Kb1 b4 22. Ne4 Bxb2 23. Kxb2 bxa3+ 24. Kxa3 a4 25. b4 Nb3 26. Qc3 Ba6 27. Bd3 Rc8 28. Qb2 Bxd3 29. Rxd3 Qb5 30. Rhd1 Rc4 31. Nd2 Qxb4+ 32.
Ka2 Rc5 33. Nxb3 axb3+ 34. Rxb3 Qa4+ 35. Qa3 Qxa3+ 36. Kxa3 Ra8+ 37. Kb2 fxe3 38. Rxe3 Rb8+ 39. Rb3 Rxb3+ 40. Kxb3 Kf7 41. f4 Rb5+ 42. Kc4 Ra5 43. Rf1 Ra3 44. h4 Rh3 45. h5 gxh5 46. g5 hxg5 47. fxg5+ Kg6 48. Re1 Rh4+ 49. Kb5 Kf7 50. g6+ Kxg6 51. Rxe7 Rf4 52. Kc6 Rf6 53. Re6 h4 54.
Re4 Kg5 55. Re8 h3 56. Rg8+ Rg6 57. Rh8 Rh6 58. Rg8+ Kf4 59. Rf8+ Ke3 60. Re8+ Kd3 61.
Re1 h2 62. Rh1 Ke4 63. Re1+ Kf3 64. Rh1 Kg2 65. Rxh2+ Kxh2 0-1

[Event "Late-Titled-Tuesday-Blitz-January-30-2024"]
[Site "Chess.com"]
[Date "2024.01.30"]
[Round "8"]
[White "ahkashefi2800"]
[Black "Walter_White_Poland"]
[Result "1/2-1/2"]
[WhiteElo "2565"]
[BlackElo "2338"]
[TimeControl "180+1"]
[EndTime "15:28:39 PST"]
[Termination "Game drawn by repetition"]

1. g3 e5 2. Bg2 d5 3. c3 Nc6 4. d4 f6 5. dxe5 fxe5 6. Nf3 Nf6 7. O-O a5 8. b3 Bc5 9. Ba3 Bxa3 10. Nxa3 O-O 11. Nb5 Bf5 12. Rc1 Qd7 13.
c4 d4 14. Re1 Rad8 15. a3 h6 16.
b4 axb4 17. axb4 e4 18. Nd2 Ng4 19. Bxe4 Nxf2 20. Bd5+ Kh8 21. Qb3 Nh3+ 22. Kg2 Ne7 23. Bf3 c6 24. Na3 Ng5 25. Nc2 d3 26. exd3 Bxd3 27.
Ne3 Qh3+ 28. Kf2 Rf7 29. Ng2 Rdf8 30. Qxd3 Nxf3 31. Nxf3 Rxf3+ 32. Qxf3 Rxf3+ 33. Kxf3 Qf5+ 34. Nf4 Ng6 35. Re8+ Kh7 36. Rce1 Nxf4 37. gxf4 Qd3+ 38. R1e3 Qxc4 39. R8e4 Qd5 40. h3 Qh5+ 41. Kf2 Qf5 42. Ke2 Qb5+ 43. Kd1 c5 44. bxc5 Qxc5 45. Ke2 b5 46. Re5 Qc2+ 47. Kf3 Qd1+ 48. Ke4 b4 49. Rb5 Qc2+ 50. Rd3 Qc6+ 51. Rdd5 Qc4+ 52. Ke5 b3 53. Rb7 b2 54. Rdb5 Qc3+ 55. Ke4 Qc2+ 56. Ke5 Qc3+ 57.
Ke4 Qc2+ 58. Ke5 Qc3+ 1/2-1/2

[Event "Late-Titled-Tuesday-Blitz-January-30-2024"]
[Site "Chess.com"]
[Date "2024.01.30"]
[Round "8"]
[White "crescentmoon2411"]
[Black "K_A_S_T_O_R"]
[Result "1-0"]
[WhiteElo "3022"]
[BlackElo "2922"]
[TimeControl "180+1"]
[EndTime "15:28:40 PST"]
[Termination "crescentmoon2411 won on time"]

1. d4 Nf6 2. c4 e6 3. Nc3 Bb4 4. e3 O-O 5. Bd3 d5 6. a3 Bxc3+ 7. bxc3 dxc4 8. Bxc4 c5 9. Ne2 Qc7 10. Qd3 Nc6 11.
e4 cxd4 12. cxd4 Rd8 13. Ba2 Qa5+ 14. Bd2 Qa4 15. Bb3 Rxd4 16. Nxd4 Qxd4 17. Qxd4 Nxd4 18. Ba4 Nxe4 19. Be3 e5 20. Bxd4 exd4 21. Rd1 Nc5 22. Rxd4 Be6 23. Bc2 Rc8 24. Ke2 Kf8 25. Rhd1 Ke7 26.
f3 h6 27. h4 b6 28. Kf2 Rc7 29. R1d2 Nb7 30. f4 g6 31. h5 gxh5 32. f5 Bc4 33. Be4 Na5 34. Bf3 Nb3 35. Re4+ Kf6 36. Rd6+ Kxf5 37. Rxh6 Be6 38. Rxh5+ Kf6 39. Rh6+ Kg5 40. Rh5+ Kf6 41. Re3 Nd4 42. Be4 Rc4 43. Rh6+ Kg5 44.
Rh8 Rc5 45. Ra8 Ra5 46. Rd8 Nb5 47. Bd5 Nc7 48. Bxe6 Nxe6 49. Rd7 Kg6 50. Rf3 Ng5 51. Rd6+ Kh5 52. Re3 Ra4 53. Rd5 Kh4 54. Ke2 Kg4 55. Rd7 f5 56. Rg7 1-0

[Event "Late-Titled-Tuesday-Blitz-January-30-2024"]
[Site "Chess.com"]
[Date "2024.01.30"]
[Round "8"]
[White "Elsa167"]
[Black "Msb2"]
[Result "1-0"]
[WhiteElo "2904"]
[BlackElo "2995"]
[TimeControl "180+1"]
[EndTime "15:28:40 PST"]
[Termination "Elsa167 won by resignation"]

1. Nf3 d5 2. g3 e6 3. Bg2 Nf6 4. O-O Bd6 5. b3 O-O 6. Bb2 Nc6 7. c4 d4 8. d3 e5 9. Na3 Re8 10. Nd2 Bf5 11. Nc2 a5 12. a3 Bc5 13. Ne4 Nxe4 14. dxe4 Be6 15. Ne1 Bf8 16. Qc2 h5 17. h4 Bg4 18. Nd3 f6 19. c5 Qd7 20. b4 axb4 21. axb4 Kh7 22. Bf3 Ne7 23. Bxg4 Qxg4 24. Rxa8 Rxa8 25.
Ne1 Ng6 26. Kh2 Ra2 27. f3 Qe6 28. Nd3 f5 29. Nc1 Rxb2 30. Qxb2 f4 31. Nd3 Qf6 32. Rh1 Be7 33. Qd2 fxg3+ 34. Kxg3 Nxh4 35. Kf2 g5 36. Ke1 Qe6 37. Kd1 Kg6 38. Kc1 g4 39. f4 Qa6 40.
Nxe5+ Kg7 41. Kb2 Bf6 42. Rxh4 Bxh4 43. Qxd4 Qxe2+ 44. Kb3 Qb5 45. Qd5 Qe8 46. Qxb7 Qe6+ 47. Kc2 Qe7 48. Qd5 Bf6 49. Nd3 Qe8 50. e5 Be7 51. f5 g3 52. f6+ Bxf6 53. exf6+ Kxf6 54. Qd4+ Kg5 55. Qf4+ Kg6 56. Qxg3+ Kh7 57. Qe5 Qg6 58.
Qxc7+ Kh6 59. Qf4+ Kh7 60. b5 Qe6 61. c6 Qa2+ 62.
Nb2 Qd5 63. Qc4 Qg2+ 64. Kb3 h4 65. Qxh4+ 1-0

[Event "Late-Titled-Tuesday-Blitz-January-30-2024"]
[Site "Chess.com"]
[Date "2024.01.30"]
[Round "8"]
[White "ArturoCaceres"]
[Black "jinbojinbo"]
[Result "1-0"]
[WhiteElo "2486"]
[BlackElo "2620"]
[TimeControl "180+1"]
[EndTime "15:28:42 PST"]
[Termination "ArturoCaceres won by checkmate"]

1. Nf3 Nf6 2. b3 g6 3. Bb2 Bg7 4. e3 d6 5. Be2 O-O 6. d4 b6 7.
O-O Bb7 8. c3 Nbd7 9. c4 Qe8 10.
d5 e5 11. Nfd2 a5 12. Nc3 Qe7 13. a3 Ne8 14. b4 f5 15. e4 Nef6 16. Nb5 Qd8 17. Qc2 fxe4 18. Nxe4 Nxe4 19. Qxe4 Nf6 20. Qe3 Bc8 21. h3 Bd7 22. Nc3 Qe8 23. Bd3 Kh8 24. Ne4 Nxe4 25. Bxe4 Qf7 26. Bc3 axb4 27. axb4 Bf5 28.
b5 Rxa1 29. Bxa1 Ra8 30. Bb2 Ra2 31. Bxf5 gxf5 32. Qb3 Ra8 33. Ra1 Rg8 34. Ra7 Bf6 35. Qf3 Bd8 36. Ra8 h6 37. Kh2 Kh7 38. g4 f4 39. Qe4+ Kh8 40. Bc3 Qf6 41. Kg2 h5 42. f3 Kg7 43. Be1 Qg5 44. h4 Qe7 45. g5 Qd7 46. Bc3 Rf8 47. Ra2 Be7 48. Ra7 Rf7 49. Ra8 Bd8 50. Rb8 Kg8 51. Be1 Kg7 52. Ra8 Rf8 53.
Bf2 Be7 54. Rxf8 Bxf8 55. Kf1 Qc8 56. Ke2 Qa8 57. Kf1 Qc8 58. Kg2 Be7 59. Bg1 Qa8 60. Bf2 Qa2 61. Qf5 Qxc4 62. Qe6 Kf8 63. g6 Kg7 64.
Qf7+ Kh6 65. Qh7# 1-0

[Event "Late-Titled-Tuesday-Blitz-January-30-2024"]
[Site "Chess.com"]
[Date "2024.01.30"]
[Round "8"]
[White "Polish_fighter3000"]
[Black "rasmussvane"]
[Result "1/2-1/2"]
[WhiteElo "3043"]
[BlackElo "2963"]
[TimeControl "180+1"]
[EndTime "15:28:44 PST"]
[Termination "Game drawn by agreement"]

1. e4 e5 2. Nc3 Nf6 3. Bc4 Bc5 4. d3 c6 5. Qf3 d6 6. Nge2 Be6 7. O-O O-O 8. h3 Nbd7 9. a4 a5 10. Ng3 Bd4 11. Nf5 Bxc3 12. bxc3 d5 13. Bb3 dxe4 14. dxe4 Nc5 15. Rd1 Nfd7 16. Ba3 Qf6 17. Rxd7 Nxd7 18. Be7 Qg6 19. Bxf8 Kxf8 20. Rd1 Nc5 21. Rd6 Qg5 22.
Bxe6 fxe6 23. Ne3+ Ke7 24. Rd1 Rf8 25. Qe2 Nxe4 26. Qd3 Nf6 27. Qd6+ Kf7 28. Rb1 Kg8 29. Qxe6+ Kh8 30. Rxb7 h6 31. Qf5 Qxf5 32. Nxf5 Ne4 33. g4 g6 34. Nxh6 Rxf2 35. Nf7+ Kg8 36. Nxe5 Rxc2 37. Nxc6 Rxc3 38. Nxa5 Rxh3 39. Nc6 Nc5 40.
Rb8+ Kg7 41. a5 Rg3+ 42. Kf2 Rxg4 43. Rb5 Na6 44. Kf3 Ra4 45. Rb6 Nc5 46. Rb5 Na6 47. Rd5 Kf6 48. Rd6+ Kg5 49. Rd5+ Kf6 50. Ke3 Nc7 51.
Rd7 Na6 52. Rd6+ Kg5 53. Rd5+ Kh4 54. Kd2 g5 55. Kc3 g4 56. Kb3 Ra1 57. Ne5 g3 58. Ng6+ Kg4 59. Ne5+ Kf4 60. Ng6+ Ke4 61. Rg5 Kf3 62.
Kc4 g2 63. Nh4+ Kf4 64. Rxg2 Rxa5 65. Rg6 1/2-1/2

[Event "Late-Titled-Tuesday-Blitz-January-30-2024"]
[Site "Chess.com"]
[Date "2024.01.30"]
[Round "8"]
[White "carloseduar100"]
[Black "subham777"]
[Result "0-1"]
[WhiteElo "2319"]
[BlackElo "2492"]
[TimeControl "180+1"]
[EndTime "15:28:44 PST"]
[Termination "subham777 won by checkmate"]

1. d4 d5 2. c3 Nf6 3. Bg5 Ne4 4. h4 h6 5. Bf4 e6 6. Nd2 Bd6 7.
Bxd6 Qxd6 8. Nxe4 dxe4 9. e3 O-O 10. Ne2 f5 11. Qb3 Nd7 12. g3 Nf6 13. Nf4 Nd5 14.
Bc4 c6 15. a4 Bd7 16. a5 b5 17.
axb6 axb6 18. Kd2 Nxf4 19. gxf4 b5 20. Be2 c5 21. Rhg1 b4 22. Bc4 Rab8 23. Ra6 Rb6 24. Rga1 bxc3+ 25. bxc3 Rfb8 26. Rxb6 Rxb6 27. Ra8+ Kh7 28.
Qa3 cxd4 29. cxd4 Qc6 30. Be2 Rb1 31. h5 Qb6 32. Bd1 Qb5 33. Ra7 Rb2+ 34. Bc2 Be8 35. Kc1 Bxh5 36. Qxb2 Qf1+ 37. Kd2 Qxf2+ 38. Kc3 Qxe3+ 39. Kb4 Qd2+ 40. Ka3 Qxf4 41. d5 Qe3+ 42. Bb3 Qxa7+ 43. Ba4 Be8 44. Qb4 Qxa4+ 45. Qxa4 Bxa4 46.
Kxa4 exd5 47. Kb4 g5 48. Kc3 Kg6 49. Kd4 Kf6 50. Ke3 Ke5 51. Kd2 d4 52. Ke2 f4 53. Kd2 Kf5 54. Ke2 g4 55. Kf2 h5 56.
Kg1 h4 57. Kf2 Ke5 58. Kg2 Kd5 59. Kf2 Kc4 60. Ke2 d3+ 61. Kd2 Kd4 62. Ke1 h3 63. Kf2 g3+ 64. Ke1 e3 65. Kd1 f3 66. Kc1 h2 67.
Kb2 Kc4 68. Ka3 h1=Q 69. Kb2 Kb4 70. Ka2 Qg2+ 71. Kb1 Qd2 72. Ka1 g2 73. Kb1 g1=Q# 0-1